CLL
STOCKTON MARINERS @ SAN JOSE BEES
05/05/1981
 
TOP OF THE 1ST
Stockton Mariners batting - Pitching for San Jose Bees : RHP Frank Wills
Pitching: RHP Frank Wills
Batting: LHB Ricky Nelson 0-0: Ball
1-0: Bunted foul
1-1: DOUBLE (Line Drive, 7LM, EV 96.9 MPH)
Batting: LHB Harold Perkins 0-0: Ball
Ricky Nelson is caught stealing 3rd base 2-5
1-0: SINGLE (Groundball, 6MD, EV 107.5 MPH)
Batting: LHB Marvin Ward 0-0: Ball
1-0: Foul Ball, location: 2F
1-1: Ball
2-1: Ball
3-1: Called Strike
3-2: Ground out 4-3 (Groundball, 4, EV 87.5 MPH)
Harold Perkins to second
Batting: LHB Joe Perna 0-0: Swinging Strike
0-1: Foul Ball, location: 2F
0-2: Foul Ball, location: 2F
0-2: Ball
1-2: Strikes out swinging
Top of the 1st over - 0 runs, 2 hits, 0 errors, 1 left on base; Stockton 0 - San Jose 0
BOTTOM OF THE 1ST
San Jose Bees batting - Pitching for Stockton Mariners : RHP Trent Ferrin
Pitching: RHP Trent Ferrin
Batting: RHB Ricky McMullen 0-0: SINGLE (Groundball, 3S, EV 98.1 MPH)
Batting: RHB Ron MacDonald 0-0: Ball
1-0: Called Strike
1-1: Ball
2-1: Grounds into double play, 4-6-3 (Groundball, 4, EV 101.9 MPH)
Batting: LHB Stanley Davis 0-0: Called Strike
0-1: Foul Ball, location: 2F
0-2: Fly out, F8 (Flyball, 8RXD, EV 91.9 MPH)
Bottom of the 1st over - 0 runs, 1 hit, 0 errors, 0 left on base; Stockton 0 - San Jose 0
TOP OF THE 2ND
Stockton Mariners batting - Pitching for San Jose Bees : RHP Frank Wills
Batting: RHB Mike Reddish 0-0: Called Strike
0-1: Foul Ball, location: 2F
0-2: SOLO HOME RUN (Flyball, 7LD, EV 106.3 MPH), Distance : 344 ft
Batting: RHB Ted Trevino 0-0: Called Strike
0-1: Called Strike
0-2: Ball
1-2: Ball
2-2: Ground out U3 (Groundball, 3L, EV 87.5 MPH)
Batting: SHB Danny Gans 0-0: Called Strike
0-1: Ball
1-1: Ball
2-1: Foul Ball, location: 2F
2-2: Foul Ball, location: 2F
2-2: Ground out 2-3 (Groundball, 13S, EV 67.5 MPH)
Batting: RHB Vinny Jaramillo 0-0: Ball
1-0: Foul Ball, location: 2F
1-1: Fly out, F8 (Flyball, 8LM, EV 96.3 MPH)
Top of the 2nd over - 1 run, 1 hit, 0 errors, 0 left on base; Stockton 1 - San Jose 0
BOTTOM OF THE 2ND
San Jose Bees batting - Pitching for Stockton Mariners : RHP Trent Ferrin
Batting: LHB Stanley Younger 0-0: Ball
1-0: Swinging Strike
1-1: Fly out, F8 (Flyball, 8RM, EV 93.1 MPH)
Batting: LHB Dale Weaver 0-0: Ball
1-0: SINGLE (Groundball, 34D, EV 103.8 MPH)
Batting: LHB Rod Booker 0-0: Ball
1-0: Swinging Strike
1-1: Swinging Strike
1-2: Ball
2-2: Strikes out swinging
Batting: RHB Bill Pinkham 0-0: Fly out, F7 (Flyball, 7S, EV 85.0 MPH)
Bottom of the 2nd over - 0 runs, 1 hit, 0 errors, 1 left on base; Stockton 1 - San Jose 0
TOP OF THE 3RD
Stockton Mariners batting - Pitching for San Jose Bees : RHP Frank Wills
Batting: LHB Colin Sullivan 0-0: Called Strike
0-1: Ball
1-1: Called Strike
1-2: Fly out, F3 (Flyball, 34D, EV 86.9 MPH)
Batting: LHB Ricky Nelson 0-0: SINGLE (Groundball, 4MD, EV 103.8 MPH)
Batting: LHB Harold Perkins 0-0: Ball
1-0: Called Strike
1-1: Ball
2-1: SINGLE (Line Drive, 89S, EV 101.9 MPH)
Ricky Nelson to second
Batting: LHB Marvin Ward 0-0: SINGLE (Groundball, 34S, EV 98.1 MPH)
Ricky Nelson to third
Harold Perkins to second
Runner from 3rd tries for Home, SAFE, no throw by RF
Batting: LHB Joe Perna 0-0: Fly out, F7 (Flyball, 7LS, EV 80.0 MPH)
Batting: RHB Mike Reddish 0-0: Foul Ball, location: 2F
0-1: Foul Ball, location: 2F
0-2: Foul Ball, location: 2F
0-2: Fly out, F9 (Flyball, 89M, EV 87.5 MPH)
Top of the 3rd over - 1 run, 3 hits, 0 errors, 2 left on base; Stockton 2 - San Jose 0
BOTTOM OF THE 3RD
San Jose Bees batting - Pitching for Stockton Mariners : RHP Trent Ferrin
Batting: RHB Russell Ramirez 0-0: Ball
1-0: Ball
2-0: Called Strike
2-1: Ball
3-1: Foul Ball, location: 2F
3-2: Ground out 6-3 (Groundball, 6D, EV 103.8 MPH)
Batting: RHB Kevin Shannon 0-0: Foul Ball, location: 2F
0-1: Ball
1-1: Ball
2-1: Ball
3-1: Foul Ball, location: 2F
3-2: Fly out, F6 (Popup, P, EV 75.6 MPH)
Batting: RHB Ricky McMullen 0-0: Ball
1-0: Foul Ball, location: 2F
1-1: Foul Ball, location: 2F
1-2: Ball
2-2: Ball
3-2: Foul Ball, location: 2F
3-2: Fly out, F9 (Flyball, 89D, EV 87.5 MPH)
Bottom of the 3rd over - 0 runs, 0 hits, 0 errors, 0 left on base; Stockton 2 - San Jose 0
TOP OF THE 4TH
Stockton Mariners batting - Pitching for San Jose Bees : RHP Frank Wills
Batting: RHB Ted Trevino 0-0: Ball
1-0: Swinging Strike
1-1: Ball
2-1: Reached on error, E5 (Groundball, 5L, EV 81.3 MPH)
Batting: SHB Danny Gans 0-0: Swinging Strike
0-1: Foul Ball, location: 2F
0-2: Ball
1-2: Ball
2-2: DOUBLE (Groundball, 3L, EV 102.5 MPH)
Ted Trevino to third
Batting: RHB Vinny Jaramillo 0-0: Called Strike
0-1: SINGLE (Line Drive, 89M, EV 93.8 MPH)
Ted Trevino scores
Danny Gans to third
Batting: LHB Colin Sullivan 0-0: Foul Ball, location: 2F
0-1: Ball
1-1: Ball
2-1: Foul Ball, location: 2F
2-2: Foul Ball, location: 2F
2-2: Ball
3-2: Strikes out swinging
Batting: LHB Ricky Nelson 0-0: Ball
1-0: Ball
2-0: Called Strike
2-1: Called Strike
2-2: Ball
3-2: Fly out, F7 (Flyball, 78S, EV 81.9 MPH)
Batting: LHB Harold Perkins 0-0: Called Strike
0-1: Swinging Strike
0-2: Strikes out swinging
Top of the 4th over - 1 run, 2 hits, 1 error, 2 left on base; Stockton 3 - San Jose 0
BOTTOM OF THE 4TH
San Jose Bees batting - Pitching for Stockton Mariners : RHP Trent Ferrin
Batting: RHB Ron MacDonald 0-0: Foul Ball, location: 2F
0-1: Ball
1-1: Foul Ball, location: 2F
1-2: SINGLE (Groundball, 34D, EV 108.8 MPH)
Batting: LHB Stanley Davis 0-0: Ball
1-0: Fly out, F7 (Flyball, 78S, EV 89.4 MPH)
Batting: LHB Stanley Younger 0-0: Called Strike
Ron MacDonald steals 2nd, throwing error, E2
Ron MacDonald to third
0-1: Ball
1-1: Called Strike
1-2: Ground out 3-1 (Groundball, 34, EV 88.8 MPH)
Ron MacDonald scores
Batting: LHB Dale Weaver 0-0: Ball
1-0: Foul Ball, location: 2F
1-1: Ball
2-1: Foul Ball, location: 2F
2-2: Ball
3-2: SINGLE (Groundball, 4MD, EV 108.1 MPH)
Batting: LHB Rod Booker 0-0: Ball
Pickoff Throw to First - Error! E1
Dale Weaver to second
1-0: Called Strike
1-1: Ball
2-1: SINGLE (Line Drive, 78S, EV 106.9 MPH)
Dale Weaver to third
Runner from 3rd tries for Home, SAFE, no throw by LF
Batting: RHB Bill Pinkham 0-0: Ball
1-0: Foul Ball, location: 2F
1-1: Swinging Strike
1-2: Foul Ball, location: 2F
1-2: Fielders Choice at 2nd, 6-4 (Groundball, 56, EV 91.3 MPH)
Bottom of the 4th over - 2 runs, 3 hits, 2 errors, 1 left on base; Stockton 3 - San Jose 2
TOP OF THE 5TH
Stockton Mariners batting - Pitching for San Jose Bees : RHP Frank Wills
Batting: LHB Marvin Ward 0-0: Swinging Strike
0-1: Swinging Strike
0-2: Foul Ball, location: 2F
0-2: Ball
1-2: Ball
2-2: Ball
3-2: Base on Balls
Batting: LHB Joe Perna 0-0: Reached on error, E4 (Groundball, 34, EV 103.1 MPH)
Marvin Ward to third
Batting: RHB Mike Reddish 0-0: Foul Ball, location: 2F
0-1: Ball
1-1: Ball
2-1: Ball
3-1: Base on Balls
Batting: RHB Ted Trevino 0-0: Ball
1-0: Foul Ball, location: 2F
1-1: Ball
2-1: Called Strike
2-2: Strikes out swinging
Batting: SHB Danny Gans 0-0: Ball
1-0: SINGLE (Groundball, 6S, EV 70.0 MPH) (infield hit)
Marvin Ward scores
Joe Perna to third
Mike Reddish to second
Batting: RHB Vinny Jaramillo 0-0: Called Strike
0-1: Called Strike
0-2: Hit by Pitch
Joe Perna scores
Mike Reddish to third
Danny Gans to second
Batting: LHB Colin Sullivan 0-0: Ball
1-0: Ball
2-0: Ball
3-0: Called Strike
3-1: Fly out, F6 (Flyball, 56D, EV 68.1 MPH)
Batting: LHB Ricky Nelson 0-0: Ball
1-0: Ball
2-0: Ball
3-0: Called Strike
3-1: Fly out, F4 (Popup, 3D, EV 51.3 MPH)
Top of the 5th over - 2 runs, 1 hit, 1 error, 3 left on base; Stockton 5 - San Jose 2
BOTTOM OF THE 5TH
San Jose Bees batting - Pitching for Stockton Mariners : RHP Trent Ferrin
Batting: RHB Russell Ramirez 0-0: Foul Ball, location: 2F
0-1: Foul Ball, location: 2F
0-2: Ball
1-2: Foul Ball, location: 2F
1-2: Fly out, F7 (Flyball, 7D, EV 81.9 MPH)
Batting: RHB Kevin Shannon 0-0: SINGLE (Line Drive, 6M, EV 94.4 MPH)
Batting: RHB Ricky McMullen 0-0: Foul Ball, location: 2F
0-1: Swinging Strike
0-2: Fly out, F3 (Flyball, 3D, EV 96.3 MPH)
Batting: RHB Ron MacDonald 0-0: Foul Ball, location: 2F
0-1: Ball
Pickoff Throw to First - Out! 1-3
Bottom of the 5th over - 0 runs, 1 hit, 0 errors, 0 left on base; Stockton 5 - San Jose 2
TOP OF THE 6TH
Stockton Mariners batting - Pitching for San Jose Bees : RHP Frank Wills
Batting: LHB Harold Perkins 0-0: DOUBLE (Line Drive, 9LD, EV 95.6 MPH)
Batting: LHB Marvin Ward 0-0: Fly out, F8 (Line Drive, 8LD, EV 108.1 MPH)
Batting: LHB Joe Perna 0-0: Ball
1-0: Ball
2-0: Called Strike
2-1: Ball
3-1: Base on Balls
Batting: RHB Mike Reddish 0-0: Foul Ball, location: 2F
0-1: Ball
1-1: Foul Ball, location: 2F
1-2: Fielders Choice at 2nd, 6-4 (Groundball, 6, EV 78.1 MPH)
Harold Perkins to third
Batting: RHB Ted Trevino 0-0: Called Strike
0-1: Foul Ball, location: 2F
0-2: Ball
1-2: Ball
Passed Ball!
Harold Perkins scores
Mike Reddish to second
2-2: Foul Ball, location: 2F
2-2: Foul Ball, location: 2F
2-2: SINGLE (Line Drive, 9LS, EV 106.9 MPH)
Mike Reddish to third
Batting: SHB Danny Gans 0-0: Called Strike
0-1: Called Strike
0-2: Ball
1-2: Ball
2-2: Ball
3-2: Base on Balls
Ted Trevino to second
Pitching: RHP Michael Villegas
Batting: RHB Vinny Jaramillo 0-0: Ball
1-0: Called Strike
1-1: Foul Ball, location: 2F
1-2: Strikes out swinging
Top of the 6th over - 1 run, 2 hits, 0 errors, 3 left on base; Stockton 6 - San Jose 2
BOTTOM OF THE 6TH
San Jose Bees batting - Pitching for Stockton Mariners : RHP Trent Ferrin
Batting: RHB Ron MacDonald 0-0: Swinging Strike
0-1: Ground out 6-3 (Groundball, 6, EV 79.4 MPH)
Batting: LHB Stanley Davis 0-0: Ball
1-0: Called Strike
1-1: Foul Ball, location: 2F
1-2: Strikes out looking
Batting: LHB Stanley Younger 0-0: Called Strike
0-1: Fly out, F4 (Popup, 34S, EV 76.3 MPH)
Bottom of the 6th over - 0 runs, 0 hits, 0 errors, 0 left on base; Stockton 6 - San Jose 2
TOP OF THE 7TH
Stockton Mariners batting - Pitching for San Jose Bees : RHP Michael Villegas
Batting: LHB Colin Sullivan 0-0: Ball
1-0: Ball
2-0: Reached on error, E6 (Groundball, 56, EV 90.0 MPH)
Batting: LHB Ricky Nelson 0-0: Ball
1-0: Foul Ball, location: 2F
1-1: Called Strike
1-2: Ball
2-2: SINGLE (Line Drive, 6M, EV 98.8 MPH)
Colin Sullivan to second
Runner from 2nd tries for 3rd, SAFE, no throw by CF
Batting: LHB Harold Perkins 0-0: Ball
1-0: Fly out, F4 (Line Drive, 4, EV 63.1 MPH)
Batting: LHB Marvin Ward 0-0: Called Strike
0-1: SINGLE (Groundball, 34, EV 105.0 MPH)
Colin Sullivan scores
Ricky Nelson to second
Runner from 2nd tries for 3rd, OUT! 9-5
Batting: LHB Joe Perna 0-0: Ball
Wild Pitch!
Marvin Ward to second
1-0: Foul Ball, location: 2F
1-1: Foul Ball, location: 2F
1-2: Ball
2-2: Strikes out swinging
Top of the 7th over - 1 run, 2 hits, 1 error, 1 left on base; Stockton 7 - San Jose 2
BOTTOM OF THE 7TH
San Jose Bees batting - Pitching for Stockton Mariners : RHP Trent Ferrin
Batting: LHB Dale Weaver 0-0: Ball
1-0: Ball
2-0: Foul Ball, location: 2F
2-1: Ground out 1-3 (Groundball, 13S, EV 70.0 MPH)
Batting: LHB Rod Booker 0-0: Called Strike
0-1: Ball
1-1: Called Strike
1-2: DOUBLE (Line Drive, 7LD, EV 100.0 MPH)
Batting: RHB Bill Pinkham 0-0: Called Strike
0-1: Ball
1-1: Ball
2-1: Foul Ball, location: 2F
2-2: Ground out 6-3 (Groundball, 6M, EV 105.0 MPH)
Rod Booker to third
Batting: RHB Russell Ramirez 0-0: Ball
1-0: Foul Ball, location: 2F
1-1: Fly out, F8 (Flyball, 8RM, EV 92.5 MPH)
Bottom of the 7th over - 0 runs, 1 hit, 0 errors, 1 left on base; Stockton 7 - San Jose 2
TOP OF THE 8TH
Stockton Mariners batting - Pitching for San Jose Bees : RHP Michael Villegas
Batting: RHB Mike Reddish 0-0: Called Strike
0-1: Ball
1-1: Ball
2-1: Ground out 6-3 (Groundball, 6, EV 84.4 MPH)
Batting: RHB Ted Trevino 0-0: Swinging Strike
0-1: Foul Ball, location: 2F
0-2: Ball
1-2: Fly out, F4 (Popup, 23, EV 78.8 MPH)
Batting: SHB Danny Gans 0-0: Called Strike
0-1: Called Strike
0-2: Strikes out looking
Top of the 8th over - 0 runs, 0 hits, 0 errors, 0 left on base; Stockton 7 - San Jose 2
BOTTOM OF THE 8TH
San Jose Bees batting - Pitching for Stockton Mariners : RHP Trent Ferrin
Batting: RHB Kevin Shannon 0-0: Called Strike
0-1: Ball
1-1: Foul Ball, location: 2F
1-2: Ball
2-2: Strikes out looking
Batting: RHB Ricky McMullen 0-0: Ball
1-0: Ball
2-0: Fly out, F8 (Flyball, 8LM, EV 78.8 MPH)
Batting: RHB Ron MacDonald 0-0: Ball
1-0: Ball
2-0: Ground out 6-3 (Groundball, 6, EV 105.0 MPH)
Bottom of the 8th over - 0 runs, 0 hits, 0 errors, 0 left on base; Stockton 7 - San Jose 2
TOP OF THE 9TH
Stockton Mariners batting - Pitching for San Jose Bees : RHP Michael Villegas
Batting: RHB Vinny Jaramillo 0-0: Called Strike
0-1: Ball
1-1: Fly out, F4 (Popup, 4D, EV 39.4 MPH)
Batting: LHB Colin Sullivan 0-0: Ball
1-0: Ball
2-0: Swinging Strike
2-1: Ball
3-1: Base on Balls
Batting: LHB Ricky Nelson 0-0: Called Strike
0-1: SINGLE (Groundball, 34S, EV 98.1 MPH)
Colin Sullivan to second
Runner from 2nd tries for 3rd, SAFE, no throw by RF
Batting: LHB Harold Perkins 0-0: Ball
1-0: Ball
2-0: Called Strike
2-1: Ball
3-1: Foul Ball, location: 2F
3-2: Strikes out swinging
Ricky Nelson steals 2nd base (no throw)
Batter strikes out.
Batting: LHB Marvin Ward 0-0: Ball
1-0: Foul Ball, location: 2F
1-1: Foul Ball, location: 2F
1-2: Foul Ball, location: 2F
1-2: Strikes out swinging
Top of the 9th over - 0 runs, 1 hit, 0 errors, 2 left on base; Stockton 7 - San Jose 2
BOTTOM OF THE 9TH
San Jose Bees batting - Pitching for Stockton Mariners : RHP Trent Ferrin
Batting: LHB Stanley Davis 0-0: Called Strike
0-1: Foul Ball, location: 2F
0-2: Ball
1-2: SINGLE (Line Drive, 89M, EV 107.5 MPH)
Batting: LHB Stanley Younger 0-0: Ball
1-0: Ground out 5-3 (Groundball, 5S, EV 73.1 MPH)
Stanley Davis to second
Batting: LHB Dale Weaver 0-0: Ball
1-0: Called Strike
1-1: Fly out, F7 (Line Drive, 7, EV 91.3 MPH)
Batting: LHB Rod Booker 0-0: Ball
1-0: Ball
2-0: Called Strike
2-1: Ground out 3-1 (Groundball, 34, EV 85.6 MPH)
Bottom of the 9th over - 0 runs, 1 hit, 0 errors, 1 left on base; Stockton 7 - San Jose 2
Sunday, June 21st, 2020 - OOTP Baseball 21.4 Build 63